 Dungeon Crawl Stone Soup version 0.31-a0-638-g26219f789d (webtiles) character file.

Game seed: 7440006555853451750

4537 Gargoyl the Cleaver (level 10, -6/96 HPs)
             Began as a Gargoyle Berserker on Aug 27, 2023.
             Was an Elder of Trog.
             Mangled by a death yak (20 damage)
             ... on level 8 of the Dungeon.
             The game lasted 00:09:10 (6708 turns).

Gargoyl the Cleaver (Gargoyle Berserker)            Turns: 6708, Time: 00:09:10

Health: -6/96      AC: 21    Str: 21    XL:     10   Next: 40%
Magic:  10/10      EV:  9    Int:  8    God:    Trog [****..]
Gold:   312        SH:  5    Dex: 13    Spells: 9/9 levels left

rFire   . . .        d - +3 broad axe (elec)
rCold   . . .        (no shield)
rNeg    + . .        g - +0 chain mail
rPois   ∞            o - +2 hat
rElec   +            (no cloak)
rCorr   +            (no gloves)
SInv    .            n - +1 pair of boots
Will    ++...        e - amulet of reflection Stlth
                     c - ring of resist corrosion
HPRegen 1.36/turn    (no ring)
MPRegen 0.12/turn

%: reflection
@: berserking (expiring), strong-willed, regenerating, very quick
A: sickness immunity, AC +7, negative energy resistance 1, electricity
resistance, torment resistance 1, petrification resistance
a: Renounce Religion, Berserk, Trog's Hand, Brothers in Arms


You were on level 8 of the Dungeon.
You worshipped Trog.
Trog was greatly pleased with you.
You visited 1 branch of the dungeon, and saw 8 of its levels.

You collected 390 gold pieces.
You spent 78 gold pieces at shops.

Inventory:

Hand Weapons
 d - a +3 broad axe of electrocution (weapon)
 w - a +1 hand axe of flaming
Missiles
 p - 18 poisoned darts (quivered)
Armour
 g - a +0 chain mail (worn)
 n - a +1 pair of boots (worn)
 o - a +2 hat (worn)
Jewellery
 c - a ring of resist corrosion (left hand)
 e - an amulet of reflection (around neck)
Wands
 t - a wand of iceblast (12)
Scrolls
 a - a scroll of fear
 b - 7 scrolls of identify
 m - 3 scrolls of teleportation
Potions
 f - 2 potions of ambrosia
 h - 2 potions of attraction {unknown}
 i - 6 potions of curing
 j - a potion of might
 k - 2 potions of invisibility
 l - 2 potions of mutation
 r - a potion of heal wounds


   Skills:
 + Level 7.7 Fighting
 + Level 10.3 Axes
 + Level 6.7 Armour
 + Level 3.4 Dodging
 + Level 1.8 Stealth
 + Level 3.6 Shields


You had 9 spell levels left.
You didn't know any spells.
Your spell library was empty.

Dungeon Overview and Level Annotations

Branches:
Dungeon (8/15)             Temple (0/1) D:6            Lair (0/5) D:8

Altars:
Ashenzari
Kikubaaqudgha
Nemelex Xobeh
Qazlal
Ru
Trog
Uskayaw
Xom
The Shining One

Shops:
D:4 !


Innate Abilities, Weirdness & Mutations

You are immune to sickness and miasma.
Your stone body is resilient. (AC +7)
You are immune to poison.
You resist negative energy. (rN+)
You are resistant to electric shocks. (rElec)
You are resistant to unholy torment.
You are immune to petrification.


Message History

Trog accepts your kill.
You completely miss the death yak. The howler monkey hits you.
The death yak gores you! x2
* * * LOW HITPOINT WARNING * * *
The howler monkey hoots and howls with incredible vigour!
You barely miss the death yak.
The death yak is heavily wounded.
You slash the howler monkey! You slash the yak!
You hit the death yak but do no damage. The howler monkey closely misses you.
You block the death yak's attack. The yak completely misses you.
The death yak barely misses you.
Unknown command.
You barely miss the death yak.
The death yak is heavily wounded.
You slash the yak! Lightning courses through the yak! You hit the death yak.
You slash the howler monkey!
Lightning courses through the howler monkey!
You kill the howler monkey!
Trog accepts your kill.
You slice the death yak!!
The death yak is severely wounded.
You barely miss the yak. You hit the death yak.
Lightning courses through the death yak!
The howler monkey hoots and howls with incredible vigour!
The yak misses you. You block the death yak's attack.
The death yak gores you but does no damage.
The howler monkey hoots and howls with incredible vigour!
You hit the death yak.
The death yak is severely wounded.
You barely miss the death yak. You hit the yak. x2
The yak gores you but does no damage. The death yak barely misses you.
The yak gores you but does no damage. The death yak gores you!
* * * LOW HITPOINT WARNING * * *
Unknown command.
You completely miss the death yak.
The death yak is severely wounded.
You slice the death yak!! You slash the yak! You hit the yak.
The death yak closely misses you. The yak gores you but does no damage.
You block the yak's attack. The death yak gores you!!
You die...

###...### # #..†....#
.....#..
#..#.#..########........
..##.##.............>...
#.#...#.######.#........
#.##.##.# ...!#....
#..###..# #h.......
##### #.......#
######YY...... #....
###.##### #....Y@Y......
#.... #.# #.##.##h..##.#
#...∩ #.# #.##......#
#.... #.# #.#########
#.... #.# #.# #..## #.#
#.# ##.# #.# #.# #####
#†# #^# #.# ##...## #.##
#.#
#.##########.....###...


You could see 2 death yaks, 2 yaks and 2 howler monkeys.

Vanquished Creatures
  A death yak (D:8)
  Joseph (D:7)
  A polar bear (D:8)
  Grinder (D:4)
  Sigmund (D:6)
  2 yaks (D:8)
  A steam dragon (D:8)
  A wraith (D:8)
  Edmund (D:6)
  2 water moccasins
  A sky beast (D:7)
  A black bear (D:5)
  2 wolves (D:8)
  A centaur (D:8)
  2 kobold brigands
  4 bullfrogs
  2 scorpions
  4 killer bees (D:8)
  5 howler monkeys
  2 hounds
  5 jellies
  2 orc priests
  2 iguanas (D:6)
  Terence (D:2)
  A sleepcap (D:4)
  11 orc wizards
  3 gnolls (D:3)
  4 adders
  A shadow imp (D:7)
  7 white imps
  An ufetubus (D:8)
  2 worms
  5 dart slugs
  23 orcs
  8 bats
  8 endoplasms
  A giant cockroach (D:2)
  9 goblins
  7 hobgoblins
  3 jackals (D:3)
  13 kobolds
  3 quokkas
  7 ball pythons
  8 frilled lizards
  4 rats
175 creatures vanquished.

Notes
Turn   | Place    | Note
-------+----------+-------------------------------------------
     0 | D:1      | Gargoyl the Gargoyle Berserker began the quest for the Orb.
     0 | D:1      | Reached XP level 1. HP: 14/14 MP: 1/1
    70 | D:1      | Identified a scroll of acquirement
    70 | D:1      | Acquired a +3 broad axe of electrocution
    99 | D:1      | Reached XP level 2. HP: 13/20 MP: 2/2
   329 | D:1      | Reached skill level 3 in Axes
   338 | D:1      | Reached XP level 3. HP: 24/24 MP: 3/3
   798 | D:2      | Noticed Terence
   803 | D:2      | Killed Terence
   946 | D:2      | Reached XP level 4. HP: 29/29 MP: 4/4
  1078 | D:2      | Reached ** piety under Trog
  1833 | D:3      | Reached skill level 1 in Shields
  1833 | D:3      | Reached XP level 5. HP: 32/33 MP: 5/5
  1874 | D:3      | Reached skill level 4 in Axes
  1877 | D:3      | Reached skill level 1 in Stealth
  2224 | D:3      | Reached XP level 6. HP: 36/39 MP: 6/6
  2286 | D:3      | Found the +7 mace of Variability {chaos, chaos arc}
  2759 | D:4      | Noticed Grinder
  2766 | D:4      | Killed Grinder
  2767 | D:4      | Reached skill level 5 in Axes
  2816 | D:4      | Found a hide-covered altar of Uskayaw.
  2856 | D:4      | Reached XP level 7. HP: 37/44 MP: 7/7
  3319 | D:4      | Found a stormy altar of Qazlal.
  3505 | D:4      | Found Madivuoc's Distillery.
  3527 | D:4      | Bought a potion of curing for 39 gold pieces
  3527 | D:4      | Bought a potion of curing for 39 gold pieces
  3928 | D:5      | Entered Level 5 of the Dungeon
  3986 | D:5      | Reached skill level 5 in Fighting
  4100 | D:5      | Reached skill level 6 in Axes
  4154 | D:5      | Reached *** piety under Trog
  4595 | D:6      | Found a broken altar of Ashenzari.
  4651 | D:6      | Reached XP level 8. HP: 49/49 MP: 8/8
  4723 | D:6      | Found Duekesomp's Distillery.
  4873 | D:6      | Noticed Sigmund
  4874 | D:6      | Noticed Edmund
  4879 | D:6      | Killed Sigmund
  4880 | D:6      | Reached skill level 7 in Axes
  4884 | D:6      | Killed Edmund
  5038 | D:6      | Found a staircase to the Ecumenical Temple.
  5116 | D:6      | Found a sparkling altar of Nemelex Xobeh.
  5121 | D:6      | Found a glowing golden altar of the Shining One.
  5133 | D:6      | Found a shimmering altar of Xom.
  5139 | D:6      | Found an ancient bone altar of Kikubaaqudgha.
  5149 | D:6      | Found a sacrificial altar of Ru.
  5166 | D:6      | Found a bloodstained altar of Trog.
  5567 | D:7      | Reached skill level 5 in Armour
  5641 | D:7      | Reached XP level 9. HP: 52/56 MP: 9/9
  5643 | D:7      | Reached skill level 8 in Axes
  5688 | D:7      | Noticed Joseph
  5699 | D:7      | Killed Joseph
  5731 | D:7      | Reached **** piety under Trog
  6197 | D:8      | Noticed a polar bear
  6213 | D:8      | Killed a polar bear
  6214 | D:8      | Reached skill level 9 in Axes
  6447 | D:8      | Reached XP level 10. HP: 56/63 MP: 10/10
  6693 | D:8      | Found a staircase to the Lair.
  6693 | D:8      | Noticed a death yak
  6693 | D:8      | Noticed a death yak
  6693 | D:8      | Noticed a death yak
  6701 | D:8      | Reached skill level 10 in Axes
  6703 | D:8      | Killed a death yak
  6708 | D:8      | Mangled by a death yak

Illustrated notes

Levels and vault maps discovered:
D:1:      psy_arrival_terrarium, layout_basic
D:2:      layout_basic, serial_co_window_serial, co_window_paths_a,
          co_window_corner_a, co_window_paths_b, co_window_paths_a,
          co_window_of_opportunity_a, co_window_broadway_c, co_window_2corner,
          co_window_unsneaky_path_d, co_window_broadway_b, co_window_sun,
          co_window_4corner_a, glass_columns_c, hex_intersection,
          minmay_pentomino_z4, uniq_terence
D:3:      layout_loops_ring, minmay_misc_feat_tower, kennysheep_nondescript
D:4:      layout_layer_cave, nicolae_overflow_crystal_walls,
          grunt_qazlal_clouds, serial_shops, shop, uniq_grinder
D:5:      layout_basic, chequers_serial_rivers_micro_b
D:6:      layout_basic, grunt_temple_overflow_octagram,
          minmay_temple_entry_glassed_door, serial_shops, shop,
          sigmund_edmund_badplayer
D:7:      minmay_flawed_box, layout_cave_pools, minmay_misc_feat_pillars,
          kennysheep_generic_room_13, uniq_joseph
D:8:      layout_loops_ring, lemuel_round_altar, dpeg_lair_monsters, serial_ice,
          serial_ice_m, serial_ice_d, serial_ice_a, serial_ice_g,
          small_chamber_with_monster, minmay_lizard_king

Skill      XL: |  1  2  3  4  5  6  7  8  9 10 |
---------------+-------------------------------+-----
Axes           | 3 4 5 6 7 9 10 | 10.3
Fighting       | 4 5 6 7 |  7.7
Dodging        | 2 3 |  3.4
Shields        | 1 2 3 |  3.6
Stealth        | 1 |  1.8
Armour         | 3 4 5 6 |  6.7

Action                     |  1- 3 |  4- 6 |  7- 9 | 10-12 || total
---------------------------+-------+-------+-------+-------++-------
  Melee: Hand axe          |    11 |       |       |       ||    11
         Broad axe         |    35 |   109 |   198 |    54 ||   396
         Punch             |     2 |       |     3 |       ||     5
 Invoke: Berserk           |     1 |     1 |     4 |     1 ||     7
         Trog's Hand       |       |     1 |       |     1 ||     2
    Use: Scroll            |     5 |     6 |     6 |       ||    17
 Armour: Animal skin       |    33 |       |       |       ||    33
         Chain mail        |     8 |    64 |   167 |    48 ||   287
  Dodge: Dodged            |    49 |    65 |    95 |    29 ||   238
  Block: Other             |    11 |    21 |    42 |    14 ||    88
         Reflection        |       |       |     1 |       ||     1

Table legend: (Time is in decaauts)
 A = Elapsed time spent in this place.
 B = Non-inter-level travel time spent in this place.
 C = Inter-level travel time spent in this place.
 D = Time resting spent in this place.
 E = Time spent auto-exploring this place.
 F = Levels seen in this place.
 G = Mean time per level.
                   A        B        C        D        E       F      G
               +--------+--------+--------+--------+--------+-----+--------+
         Total |   6867 |   6588 |    279 |      0 |   5127 |   8 |  858.4 |
       Dungeon |   6867 |   6588 |    279 |      0 |   5127 |   8 |  858.4 |
               +--------+--------+--------+--------+--------+-----+--------+

Top non-repeatable levels by time:
     D:4: 1293 daAuts
     D:2: 1244 daAuts
     D:6: 862 daAuts
     D:3: 848 daAuts
     D:7: 785 daAuts
     D:5: 671 daAuts
     D:1: 632 daAuts
     D:8: 530 daAuts
